 Dungeon Crawl Stone Soup version 0.21-a0-529-g8c7b3f5 (webtiles) character file.

373 kiturien the Stinger (level 6, -5/39 HPs)
             Began as an Octopode Venom Mage on Dec 9, 2017.
             Slain by a gnoll
             ... wielding a +0 club
              (10 damage)
             ... on level 3 of the Dungeon.
             The game lasted 00:25:52 (4795 turns).

kiturien the Stinger (Octopode Venom Mage)          Turns: 4795, Time: 00:25:53

Health: -5/39      AC:  1    Str:  8    XL:     6   Next: 72%
Magic:  5/9        EV: 14    Int: 19    God:
Gold:   150        SH:  5    Dex: 12    Spells: 7/11 levels left

rFire    . . .     SeeInvis .   (no weapon)
rCold    . . .     Gourm    +   j - +0 buckler
rNeg     . . .     Faith    .   (helmet restricted)
rPois    .         Spirit   .   s - amulet of the gourmand
rElec    .         Reflect  .   f - ring of flight
rCorr    .         Harm     .   (no ring)
MR       .....                  (no ring)
Stlth    +++.......             (no ring)
HPRegen  0.13/turn              (no ring)
MPRegen  0.11/turn              (no ring)
                                (no ring)
                                (no ring)

@: drained
A: almost no armour, stealthy swim, amphibious, 8 rings, constrict 8, tentacle
spike 1, camouflage 1, low mp 1, robust 1, gelatinous body 1
a: Evoke Flight


You were on level 3 of the Dungeon.
You were completely stuffed.

You visited 1 branch of the dungeon, and saw 4 of its levels.

You collected 150 gold pieces.

Inventory:

Missiles
 t - 3 throwing nets (quivered)
Armour
 e - a +0 shield
 j - a +0 buckler (worn)
Jewellery
 f - a ring of flight (left tentacle)
 s - an amulet of the gourmand (around mantle)
Wands
 w - a wand of paralysis (14)
Scrolls
 c - a scroll of magic mapping
 g - a scroll of identify
 l - a scroll of amnesia
 m - a scroll of teleportation
 u - a scroll of remove curse
Potions
 d - a potion of curing
 h - a potion of might
 i - a potion of ambrosia {unknown}
 k - a potion of heal wounds {unknown}
 n - a potion of flight {unknown}
Books
 a - a Young Poisoner's Handbook

   Spells                             Type                      Level
   a - Sting                          Conjuration/Poison           1
   b - Poisonous Vapours              Poison/Air                   2
   c - Mephitic Cloud                 Conjuration/Poison/Air       3
   d - Olgreb's Toxic Radiance        Poison                       4
   e - Venom Bolt                     Conjuration/Poison           5
Comestibles
 b - 3 bread rations
 o - 3 royal jellies
 p - 2 meat rations
 q - 2 chunks of flesh


   Skills:
 * Level 2.8(2.7) Dodging
 * Level 3.9(3.7) Stealth
 - Level 4.1(4.0) Shields
 * Level 3.0(2.9) Spellcasting
 * Level 1.9(1.8) Conjurations
 * Level 4.6(4.4) Poison Magic


You had 7 spell levels left.
You knew the following spells:

 Your Spells              Type           Power        Failure   Level  Hunger
a - Sting                 Conj/Pois      ##..         4%          1    None
b - Mephitic Cloud        Conj/Pois/Air  ##......     21%         3    ###....


Dungeon Overview and Level Annotations

Branches:
Dungeon (4/15)
 Temple: D:4-7

Altars:
Nemelex Xobeh
Qazlal
Wu Jian


Innate Abilities, Weirdness & Mutations

You cannot wear most types of armour.
You are very stealthy in the water. (Stealth+)
You are amphibious.
You can wear up to eight rings at the same time.
You can use your tentacles to constrict eight enemies at once.
Your skin changes colour to match your surroundings (Stealth+).
Your rubbery body absorbs attacks. (AC +1, EV +1)
One of your tentacles bears a spike.
Your magical capacity is low. (-10% MP)
You are robust. (+10% HP)


Message History

You pierce the gnoll, but do no damage.
The gnoll is almost dead.
You constrict the gnoll.
You kill the gnoll!
The gnoll closely misses you. You block the gnoll's attack.
The gnoll hits you with a club!
* * * LOW HITPOINT WARNING * * *
You climb upwards.
There is a stone staircase leading down here.
Unknown command.
You tentacle-slap the gnoll. Your grab misses the gnoll.
Your tentacle spike misses the gnoll.
The gnoll is lightly wounded.
The gnoll hits you with a club.
* * * LOW HITPOINT WARNING * * *
You barely miss the gnoll. You grab the gnoll.
The gnoll is lightly wounded.
You constrict the gnoll, but do no damage.
The gnoll hits you with a club!
You die...

..≈.≈..##)#...........#
(≈.≈.≈((..#...........#
..≈(≈.(#([#...........#
...≈...##<#...........#
.......####...........#
###'##### #...........#
#.#.# #.# #...........#
#...# #.# ######g######
#.#####.########@#
#.)..............#
#####...##.#####.#
###.##.#####.####
#.............#
####..####.##.# #..#
#.##.# ####..#######.#
#.............#


You could see a gnoll.

Vanquished Creatures
  A crimson imp (D:3)
  3 orc wizards
  An orc priest (D:3)
  A worker ant (D:4)
  5 gnolls
  7 adders
  2 oozes
  A worm (D:2)
  3 dart slugs
  2 leopard geckos
  10 orcs
  3 ball pythons (D:2)
  A giant cockroach (D:2)
  3 goblins
  10 hobgoblins
  A quokka (D:2)
  6 bats
  3 frilled lizards
  5 kobolds
  4 rats
72 creatures vanquished.

Notes
Turn   | Place    | Note
-------+----------+-------------------------------------------
     0 | D:1      | kiturien the Octopode Venom Mage began the quest for the Orb.
     0 | D:1      | Reached XP level 1. HP: 11/11 MP: 3/3
   188 | D:1      | Reached XP level 2. HP: 17/17 MP: 1/5
   543 | D:1      | Gained mutation: You are occasionally teleported next to monsters. [potion of mutation]
   543 | D:1      | Gained mutation: You are partially covered in rugged brown scales. (AC +1, +3% HP) [potion of mutation]
   543 | D:1      | Gained mutation: You are partially covered in slimy green scales. (AC +2) [potion of mutation]
   969 | D:2      | Reached skill level 1 in Shields
   969 | D:2      | Reached XP level 3. HP: 19/21 MP: 4/6
   974 | D:2      | Lost mutation: You are partially covered in rugged brown scales. (AC +1, +3% HP) [potion of mutation]
   974 | D:2      | Lost mutation: You are occasionally teleported next to monsters. [potion of mutation]
   974 | D:2      | Lost mutation: You are partially covered in slimy green scales. (AC +2) [potion of mutation]
   974 | D:2      | Gained mutation: Your magical capacity is low. (-10% MP) [potion of mutation]
   974 | D:2      | Gained mutation: One of your tentacles bears a spike. [potion of mutation]
   974 | D:2      | Gained mutation: You are robust. (+10% HP) [potion of mutation]
  1512 | D:2      | Reached XP level 4. HP: 27/29 MP: 4/6
  1767 | D:2      | Found a sparkling altar of Nemelex Xobeh.
  2757 | D:3      | Reached XP level 5. HP: 26/34 MP: 1/7
  3138 | D:3      | Found a stormy altar of Qazlal.
  3361 | D:3      | Found an ornate altar of the Wu Jian Council.
  3368 | D:3      | Learned a level 3 spell: Mephitic Cloud
  3986 | D:2      | Reached XP level 6. HP: 15/39 MP: 3/9
  4321 | D:3      | Found a faded altar of an unknown god.
  4795 | D:3      | Slain by a gnoll

Vault maps used:
D:1:      minmay_arrival_solitary_statue
D:2:      nemelex_xobeh_ov_fountains_minmay, minmay_shallow_snake_nest
D:3:      lemuel_round_altar, grunt_qazlal_clouds,
          chequers_ecumenical_altar_twisty, hangedman_abyss_or_decor_stabs,
          serial_bayou_pond_e, kennysheep_generic_room_10
D:4:      kennysheep_mini, marbit_many_paths, kennysheep_slug_shrine,
          minmay_temple_entry_nine_rooms

Skill      XL: |  1  2  3  4  5  6 |
---------------+-------------------+-----
Stealth        | 3 |  3.9
Shields        | 1 2 4 |  4.1
Poison Magic   | 4 |  4.6
Spellcasting   | 3 |  3.0
Dodging        | |  2.8
Conjurations   | |  1.9

Action                   |  1- 3 |  4- 6 || total
-------------------------+-------+-------++-------
Melee: Unarmed           |    37 |   125 ||   162
       Tentacles         |    11 |    25 ||    36
       Constrict         |    10 |    31 ||    41
       Kick              |     6 |    32 ||    38
 Cast: Sting             |    28 |    87 ||   115
       Mephitic Cloud    |       |     2 ||     2
  Use: Potion            |     2 |     1 ||     3
       Scroll            |       |     9 ||     9
 Stab: Sleeping          |     5 |     4 ||     9
  Eat: Chunk             |     2 |    28 ||    30
Armor: Skin              |     4 |     1 ||     5
Dodge: Dodged            |    31 |    78 ||   109
Block: Buckler           |     8 |    26 ||    34

Table legend:
 A = Spawn XP
 B = Non-spawn XP
 C = Spawn XP percentage of total XP
 D = Spawn monster count
 E = Non-spawn monster count
 F = Spawn count percentage of total count
 G = Total turns spent on level
                    A         B        C        D         E        F      G
               +---------+---------+-------+---------+---------+-------+---------
         Total |       0 |     534 |   0.0 |       0 |      72 |   0.0 |  4795
               +---------+---------+-------+---------+---------+-------+---------
           D:1 |       0 |      21 |   0.0 |       0 |       9 |   0.0 |   837
           D:2 |       0 |     156 |   0.0 |       0 |      29 |   0.0 |  2565
           D:3 |       0 |     308 |   0.0 |       0 |      32 |   0.0 |  1349
           D:4 |       0 |      49 |   0.0 |       0 |       2 |   0.0 |    44
               +---------+---------+-------+---------+---------+-------+---------
